 Dungeon Crawl Stone Soup version 0.25-a0-317-g5f8687bca5 (webtiles) character file.

Game seed: 5414756452143660064, levelgen mode: classic

193 Borgoz the Skirmisher (level 5, -2/33 HPs)
             Began as a Gargoyle Fighter on Dec 25, 2019.
             Killed by divine providence
             ... invoked by an orc priest
              (15 damage)
             ... on level 4 of the Dungeon.
             The game lasted 00:03:50 (2746 turns).

Borgoz the Skirmisher (Gargoyle Fighter)            Turns: 2746, Time: 00:03:51

Health: -2/33      AC: 18    Str: 19    XL:     5   Next: 72%
Magic:  5/5        EV:  8    Int:  9    God:
Gold:   135        SH:  9    Dex: 10    Spells: 4/4 levels left

rFire    + . .     SeeInvis .   e - +3 morningstar (protect)
rCold    + . .     Gourm    .   c - +0 shield
rNeg     + . .     Faith    .   b - +0 scale mail
rPois    ∞         Spirit   .   (no helmet)
rElec    +         Reflect  .   n - scarf {rC+ rF+}
rCorr    .         Harm     .   (no gloves)
MR       .....                  (no boots)
Stlth    ..........             (no amulet)
HPRegen  0.11/turn              (no ring)
MPRegen  0.09/turn              (no ring)

@: protection aura
A: negative energy resistance 1, electricity resistance, unbreathing,
petrification resistance, rot immunity, AC +4
a: no special abilities


You were on level 4 of the Dungeon.
You were not hungry.

You visited 1 branch of the dungeon, and saw 4 of its levels.

You collected 135 gold pieces.

Inventory:

Hand Weapons
 e - a +3 morningstar of protection (weapon)
Armour
 b - a +0 scale mail (worn)
 c - a +0 shield (worn)
 n - a scarf of resistance (worn)
Wands
 s - a wand of polymorph (9)
Scrolls
 i - 3 scrolls of remove curse {unknown}
 j - a scroll of fog {unknown}
 k - 2 scrolls of amnesia {unknown}
 l - 4 scrolls of teleportation
 t - 3 scrolls of fear {unknown}
Potions
 a - 2 potions of curing
 d - a potion of might
 g - a potion of berserk rage {unknown}
 h - a potion of magic {unknown}
 m - a potion of resistance
 o - a potion of heal wounds {unknown}
 p - 2 potions of flight
 q - 2 potions of lignification
 r - a potion of agility {unknown}
Comestibles
 f - 8 rations
 u - 3 chunks of flesh


   Skills:
 + Level 4.2 Fighting
 + Level 3.4 Maces & Flails
 + Level 4.1 Armour
 + Level 1.6 Dodging
 + Level 4.0 Shields


You had 4 spell levels left.
You didn't know any spells.
Your spell library contained the following spells:

 Spells                   Type           Power        Failure   Level  Hunger
 Confusing Touch          Hex            #.....       99%         1    ##.....
 Confuse                  Hex            #.......     100%        3    ####...
 Gell's Gravitas          Tloc           #.........   100%        3    ####...
 Petrify                  Tmut/Erth      #.......     100%        4    #####..
 Metabolic Englaciation   Hex/Ice        #.........   100%        5    ######.
 Yara's Violent Unravell  Hex/Tmut       #.........   100%        5    ######.


Dungeon Overview and Level Annotations

Branches:
Dungeon (4/15)
 Temple: D:4-7

Altars:
Hepliaklqana

Shops:
D:4 *

Annotations:
D:4 Blork the orc


Innate Abilities, Weirdness & Mutations

You are resistant to torment.
Your stone body is resilient. (AC +4)
You are immune to poison.
You resist negative energy. (rN+)
You are resistant to electric shocks. (rElec)
You can survive without breathing.
You are immune to petrification.
You are immune to rotting.


Message History

The orc priest hits you with a +0 club.
You are too injured to fight recklessly!
You are too injured to fight recklessly!
You are too injured to fight recklessly!
You are too injured to fight recklessly!
You hit the orc priest.
The orc priest is lightly wounded.
Something hits you but does no damage.
The orc priest hits you but does no damage.
You closely miss the orc priest.
The orc priest is lightly wounded.
Something hits you but does no damage. You block the orc priest's attack.
You sock the orc priest!
The orc priest is severely wounded.
You block the orc priest's attack. Something hits you.
You closely miss the orc priest.
The orc priest is severely wounded.
The orc priest invokes the aid of Beogh against you.
Beogh smites you!
You die...

#.#.##.# #.#
##.#.##.####.#
##......>......
#......#.####.#
#......#.# #.#
#......#+####.#
##...#+#..$....####
#...........{[....#
#...........@o....#
#...[÷..#+####....#
#......># o..#
#.......# ..#
#.∩.....# ... .
#.......... .. ...
####.....#.. . #..
#.....# . #..
#.....# #..


You could see an orc priest and an orc wizard.

Vanquished Creatures
  Terence (D:3)
  4 gnolls (D:3)
  4 adders
  An ooze (D:1)
  An adder skeleton (D:4)
  3 worms
  2 dart slugs (D:1)
  A leopard gecko (D:3)
  An orc (D:4)
  4 giant cockroaches
  13 goblins
  8 hobgoblins
  6 jackals
  5 kobolds
  A quokka (D:3)
  3 ball pythons (D:1)
  8 bats
  5 frilled lizards
  5 rats
76 creatures vanquished.

Notes
Turn   | Place    | Note
-------+----------+-------------------------------------------
     0 | D:1      | Borgoz the Gargoyle Fighter began the quest for the Orb.
     0 | D:1      | Reached XP level 1. HP: 14/14 MP: 1/1
   216 | D:1      | Reached XP level 2. HP: 18/19 MP: 2/2
   576 | D:1      | Reached XP level 3. HP: 19/23 MP: 3/3
   948 | D:2      | Reached skill level 1 in Dodging
  1178 | D:2      | Reached XP level 4. HP: 23/29 MP: 4/4
  1659 | D:3      | Noticed Terence
  1680 | D:3      | Killed Terence
  1758 | D:3      | Reached XP level 5. HP: 28/33 MP: 5/5
  2567 | D:3      | Found a hazy altar of Hepliaklqana.
  2698 | D:4      | Found Melaf's Lightly-Used Armoury.
  2725 | D:4      | Noticed Blork the orc
  2746 | D:4      | Killed from afar by an orc priest

Levels and vault maps discovered:
D:1:      sevenhm_arrival_forest_fort_large_1, layout_rooms, serial_bayou_ford_a
D:2:      layout_rooms, first_ration, minivault_27
D:3:      minmay_general_purpose_star, layout_loops_ring,
          lemuel_coloured_pillars_altar, minmay_misc_feat_doors, chequers_jeans,
          uniq_terence
D:4:      layout_basic, nicolae_ru_the_path_less_chosen, old_standard_altar,
          small_statue_intersection, minmay_shop_damaged, lightli_minifort,
          uniq_blork_the_orc

Skill      XL: |  1  2  3  4  5 |
---------------+----------------+-----
Dodging        | 1 |  1.6
Maces & Flails | 3 |  3.4
Armour         | 4 |  4.1
Fighting       | 4 |  4.2
Shields        | 4 |  4.0

Action                   |  1- 3 |  4- 6 || total
-------------------------+-------+-------++-------
Melee: Flail             |   143 |       ||   143
       Mace              |    17 |    83 ||   100
       Morningstar       |       |    99 ||    99
  Use: Scroll            |       |     5 ||     5
  Eat: Chunk             |     1 |     6 ||     7
Armor: Scale mail        |    96 |   144 ||   240
Dodge: Dodged            |    50 |    67 ||   117
Block: Shield            |    93 |   128 ||   221

Table legend:
 A = Non-vault XP
 B = Vault XP
 C = Vault XP percentage of total XP
 D = Non-vault monster count
 E = Vault monster count
 F = Vault count percentage of total count
                 A         B        C        D         E       F
            +---------+---------+-------+---------+---------+-------
      Total |     226 |      50 |  18.1 |      70 |       6 |   7.9
            +---------+---------+-------+---------+---------+-------
        D:1 |      44 |       4 |   8.3 |      20 |       3 |  13.0
        D:2 |      54 |       0 |   0.0 |      21 |       0 |   0.0
        D:3 |     114 |      46 |  28.8 |      24 |       3 |  11.1
        D:4 |      14 |       0 |   0.0 |       5 |       0 |   0.0
            +---------+---------+-------+---------+---------+-------
